 Dungeon Crawl Stone Soup version 0.29.1-15-g9cfb28693d (webtiles) character file.

Game seed: 10112892866715361269

301 Heoruswealwe the Magician (level 6, -4/32 HPs)
             Began as a Deep Elf Earth Elementalist on Mar 25, 2023.
             Was a Follower of Elyvilon.
             Slain by an orc warrior
             ... wielding a +0 glaive
              (15 damage)
             ... on level 4 of the Dungeon.
             The game lasted 00:25:54 (2066 turns).

Heoruswealwe the Magician (DEEE)                    Turns: 2066, Time: 00:25:58

Health: -4/32      AC:  3    Str:  5    XL:     6   Next: 14%
Magic:  10/16      EV: 12    Int: 22    God:    Elyvilon [*.....]
Gold:   128        SH:  0    Dex: 15    Spells: 6/16 levels left

rFire   . . .      SeeInvis .   a - +2 dagger (speed)
rCold   . . .      Faith    .   (no shield)
rNeg    . . .      Spirit   .   c - +0 robe
rPois   .          Reflect  .   g - +0 hat
rElec   .          Harm     .   (no cloak)
rCorr   .          Rampage  .   f - +0 pair of gloves
Will    .....                   (no boots)
Stlth   ++........              i - amulet of regeneration
HPRegen 0.90/turn               k - +4 ring of slaying
MPRegen 0.15/turn               (no ring)

@: no status effects
A: no striking features
a: Renounce Religion, Purification


You were on level 4 of the Dungeon.
You worshipped Elyvilon.
Elyvilon was aware of your devotion.
You visited 1 branch of the dungeon, and saw 4 of its levels.

You collected 128 gold pieces.

Inventory:

Hand Weapons
 a - a +2 dagger of speed (weapon)
 b - a +0 hand axe
Armour
 c - a +0 robe (worn)
 f - a +0 pair of gloves (worn)
 g - a +0 hat (worn)
 y - a +0 robe
 z - a +0 robe
Magical Staves
 o - a staff of cold
Jewellery
 i - an amulet of regeneration (around neck)
 k - a +4 ring of slaying (left hand)
 r - an amulet of reflection
Wands
 u - a wand of roots (8)
Scrolls
 d - 3 scrolls of enchant weapon
 l - a scroll of fear
 p - a scroll of amnesia
 q - a scroll of blinking
 w - a scroll of noise {unknown}
 x - a scroll of teleportation
 A - a scroll of brand weapon {unknown}
Potions
 e - 2 potions of magic
 h - a potion of curing
 j - a potion of attraction {unknown}
 m - a potion of invisibility
 n - 2 potions of flight {unknown}
 s - a potion of degeneration {unknown}
 t - a potion of heal wounds {unknown}
 v - a potion of ambrosia {unknown}


   Skills:
 - Level 2.4 Dodging
 - Level 2.4 Stealth
 * Level 5.9 Spellcasting
 + Level 3.0 Transmutations
 * Level 5.5 Earth Magic


You had 6 spell levels left.
You knew the following spells:

 Your Spells              Type           Power      Damage    Failure   Level
a - Sandblast             Erth           60%        2d14      1%          1
b - Stone Arrow           Conj/Erth      36%        3d9       9%          3
c - Petrify               Tmut/Erth      25%        N/A       16%         4
z - Passwall              Tmut/Erth      20%        N/A       2%          2

Your spell library contained the following spells:

 Spells                   Type           Power      Damage    Failure   Level
 Portal Projectile        Hex/Tloc       12%        N/A       28%         3
 Tukima's Dance           Hex            6%         N/A       28%         3
 Blade Hands              Tmut           9%         N/A       58%         5


Dungeon Overview and Level Annotations

Branches:
Dungeon (4/15)
 Temple: D:4-7

Altars:
Elyvilon
Trog


Message History

The orc wizard is almost dead.
The orc wizard casts a spell.
The orc wizard flickers and vanishes!
Deactivating autopickup; reactivate with Ctrl-A.
The orc wizard barely misses you.
The orc wizard attacks as you move away!
The orc wizard hits you with a +0 dagger.
The blast of sand hits the orc wizard!!
You kill the orc wizard!
The orc warrior misses you.
Your Transmutations skill increases to level 3!
The blast of sand misses the orc warrior.
The orc warrior hits you with a +0 glaive!
The blast of sand hits the orc warrior.
The orc warrior is lightly wounded.
The orc warrior hits you with a +0 glaive!
Ouch! That really hurt!
* * * LOW HITPOINT WARNING * * *
The orc warrior attacks as you move away!
The orc warrior hits you with a +0 glaive!
Elyvilon protects you from harm! The orc warrior closely misses you.
You are too injured to fight recklessly!
Casting: Sandblast (safe; 1% risk of failure)
Confirm with . or Enter, or press ? or * to list all spells.
Aiming: Sandblast (safe; 1% risk of failure)
Press: ? - help, Shift-Dir - straight line, f/p - orc warrior
Aim: an orc warrior, wielding a +0 glaive and wearing a +0 plate armour (lightly wounded, 84% to hit)
The blast of sand hits the orc warrior!
The orc warrior is heavily wounded.
The orc warrior barely misses you.
Casting: Sandblast (safe; 1% risk of failure)
Confirm with . or Enter, or press ? or * to list all spells.
Aiming: Sandblast (safe; 1% risk of failure)
Press: ? - help, Shift-Dir - straight line, f/p - orc warrior
Aim: an orc warrior, wielding a +0 glaive and wearing a +0 plate armour (heavily wounded, 84% to hit)
The blast of sand hits the orc warrior but does no damage.
The orc warrior is heavily wounded.
The orc warrior hits you from afar with a +0 glaive!
You die...

#.# #.# #.# .<# #.#
##.######.#
..........#
#.........########## #
.########......@.o.#.#
#.########o#.#
#..........$.#
##########.### #o# #.#
#)# #># #.#


You could see an orc warrior and an orc wizard.

Vanquished Creatures
  Grinder (D:3)
  An orc wizard (D:4)
  4 adders
  A worm (D:3)
  2 dart slugs (D:1)
  2 orcs
  3 ball pythons
  An endoplasm (D:2)
  A goblin (D:3)
  4 hobgoblins
  6 jackals
  2 kobolds
  3 quokkas
  2 bats
  2 frilled lizards
  7 rats
  A bush (D:3)
43 creatures vanquished.

Notes
Turn   | Place    | Note
-------+----------+-------------------------------------------
     0 | D:1      | Heoruswealwe the Deep Elf Earth Elementalist began the
                  | quest for the Orb.
     0 | D:1      | Reached XP level 1. HP: 10/10 MP: 6/6
   133 | D:1      | Reached XP level 2. HP: 10/15 MP: 6/8
   236 | D:1      | Learned a level 2 spell: Passwall
   851 | D:2      | Reached XP level 3. HP: 12/19 MP: 8/10
  1347 | D:3      | Found a faded altar of an unknown god.
  1360 | D:3      | Prayed at the altar of an unknown god.
  1360 | D:3      | Became a worshipper of Elyvilon the Healer
  1360 | D:3      | Reached * piety under Elyvilon
  1378 | D:3      | Noticed Grinder
  1379 | D:3      | Paralysed by Grinder for 5 turns
  1389 | D:3      | Killed Grinder
  1390 | D:3      | Reached skill level 5 in Spellcasting
  1390 | D:3      | Reached skill level 5 in Earth Magic
  1390 | D:3      | Reached XP level 4. HP: 12/24 MP: 5/13
  1390 | D:3      | Reached XP level 5. HP: 14/28 MP: 5/15
  1468 | D:3      | Learned a level 3 spell: Stone Arrow
  1473 | D:3      | Learned a level 4 spell: Petrify
  1731 | D:3      | Found a bloodstained altar of Trog.
  1827 | D:3      | Reached XP level 6. HP: 32/32 MP: 11/16
  2051 | D:4      | Noticed an orc warrior
  2063 | D:4      | Elyvilon protects you from harm!
  2066 | D:4      | Slain by an orc warrior

Illustrated notes

Levels and vault maps discovered:
D:1:      nzn_arrival_depleted_hourglass, layout_basic,
          amcnicky_mini_rare_corridor_liquid
D:2:      layout_basic
D:3:      layout_basic, mainiacjoe_overflow_concentric_impassable,
          ebering_ecumenical_altar_abandoned, serial_park_tiny_1, uniq_grinder
D:4:      minmay_octagon_keep, layout_loops_ring, amcnicky_altar_gilded,
          uniq_eustachio

Skill      XL: |  1  2  3  4  5  6 |
---------------+-------------------+-----
Earth Magic    | 5 |  5.5
Spellcasting   | 5 |  5.9
Transmutations | 2 3 |  3.0
Dodging        | |  2.4
Stealth        | |  2.4

Action                   |  1- 3 |  4- 6 || total
-------------------------+-------+-------++-------
Melee: Hand axe          |       |   103 ||   103
       Punch             |       |     1 ||     1
 Cast: Sandblast         |    38 |    26 ||    64
       Passwall          |     3 |     1 ||     4
  Use: Scroll            |     7 |       ||     7
Armor: Robe              |       |     3 ||     3
Dodge: Dodged            |     5 |    11 ||    16
